[Event "ROU-chT Men Superliga 2018"]
[Site "Sovata"]
[Date "2018.11.24"]
[Round "1.10"]
[White "Nastase, Robert-Paul"]
[Black "Vajda, Levente"]
[Result "0-1"]
[ECO "C45"]
[WhiteElo "2296"]
[BlackElo "2547"]
[Annotator "ChessBase"]
[PlyCount "88"]
[EventDate "2018.11.24"]
[EventType "team-tourn"]
[EventCountry "ROU"]
[SourceTitle "playchess.com"]
[Source "ChessBase"]
[SourceQuality "1"]
[TimeControl "40/5400+30:1800+30"]

1. e4 e5 2. Nf3 Nc6 3. d4 exd4 4. Nxd4 Nf6 5. Nxc6 bxc6 6. e5 Qe7 7. Qe2 Nd5 8. h4 a5 9. c4 Nb6 10. h5 a4 11. Nd2 Ra5 12. Nf3 Qb4+ 13. Kd1 Ba6 14. Rh4 Be7 15. Re4 d5 16. exd6 Qxd6+ 17. Qd2 Rxh5 18. Kc2 O-O 19. g4 Rd5 20. Qe1 Rc5 21. Be3 Rxc4+ 22. Bxc4 Nxc4 23. Rd1 Qg6 24. Bf4 a3 25. Ne5 Nxe5 26. Bxe5 Bh4 27. Bg3 Bf6 28. bxa3 Bc8 29. f3 h5 30. Qe2 hxg4 31. fxg4 c5 32. Kc1 Ba6 33. Qc2 Rb8 34. Bxc7 Bg5+ 35. Bf4 Qf6 36. Bxg5 Qxg5+ 37. Rd2 Qf6 38. Rf2 Qa1+ 39. Kd2 Rd8+ 40. Ke3 Bb7 41. Re2 Qf1 42. Qc4 Qg1+ 43. Rf2 Qe1+ 44. Qe2 Qc1+ {[%emt 0:00:28] Kd4} 0-1

[Event "ROU-chT Men Superliga 2018"]
[Site "Sovata"]
[Date "2018.11.24"]
[Round "1.13"]
[White "Parligras, Mircea-Emilian"]
[Black "Morozov, Nichita"]
[Result "1-0"]
[ECO "E12"]
[WhiteElo "2645"]
[BlackElo "2439"]
[Annotator "RC"]
[PlyCount "95"]
[EventDate "2018.11.24"]
[EventType "team-tourn"]
[EventCountry "ROU"]
[SourceTitle "playchess.com"]
[Source "ChessBase"]
[SourceQuality "1"]
[TimeControl "40/5400+30:1800+30"]

1. d4 Nf6 2. c4 e6 3. Nf3 b6 4. a3 Bb7 5. Bf4 Ne4 6. e3 g5 7. Bg3 Nxg3 8. hxg3 Bg7 9. Nc3 g4 10. Ng1 h5 11. Nge2 h4 12. Nf4 f5 13. gxh4 Rxh4 14. Rxh4 Qxh4 15. Nb5 Na6 16. g3 Qe7 17. Qa4 c6 18. Nc3 c5 19. O-O-O Nc7 20. Bg2 Bxg2 21. Nxg2 cxd4 22. exd4 Qd6 23. Nf4 Bh6 24. Nce2 b5 25. cxb5 Nd5 26. Kb1 Bxf4 27. Nxf4 Nxf4 28. gxf4 Qxf4 29. Qc2 Qe4 30. Qxe4 fxe4 31. Rg1 O-O-O 32. Rxg4 Rf8 33. Rxe4 Rxf2 34. a4 Kc7 35. Ka2 Kb6 36. Ka3 Rd2 37. Rh4 Rd1 38. Kb4 Rd2 39. a5+ Kc7 40. Kc3 Rd1 41. Rh8 Rc1+ 42. Kb4 Rd1 43. a6 Rxd4+ 44. Ka5 e5 45. Ra8 e4 46. Rxa7+ Kb8 47. Rb7+ Kc8 48. b6 1-0

[Event "ROU-chT Men Superliga 2018"]
[Site "Sovata"]
[Date "2018.11.24"]
[Round "1.14"]
[White "Ionescu, Constantin"]
[Black "Deac, Bogdan-Daniel"]
[Result "0-1"]
[ECO "E52"]
[WhiteElo "2432"]
[BlackElo "2598"]
[Annotator "RC"]
[PlyCount "84"]
[EventDate "2018.11.24"]
[EventType "team-tourn"]
[EventCountry "ROU"]
[SourceTitle "playchess.com"]
[Source "ChessBase"]
[SourceQuality "1"]
[TimeControl "40/5400+30:1800+30"]

1. d4 Nf6 2. c4 e6 3. Nc3 Bb4 4. e3 O-O 5. Bd3 d5 6. Nf3 b6 7. O-O Ba6 8. cxd5 exd5 9. Bxa6 Nxa6 10. Qd3 Qc8 11. a3 Bd6 12. b4 c6 13. b5 cxb5 14. Nxb5 Be7 15. Bb2 Qb7 16. Rfc1 Rac8 17. Qf5 g6 18. Qd3 Nb8 19. a4 a6 20. Nc3 Nc6 21. Ba3 Bxa3 22. Rxa3 Na5 23. Nd2 Rc6 24. Na2 Rxc1+ 25. Nxc1 Rc8 26. Rc3 Rxc3 27. Qxc3 Qd7 28. Qc2 b5 29. axb5 Qxb5 30. g3 Kg7 31. Nd3 Nc6 32. Qb3 Qa5 33. Qb2 Qa4 34. Kg2 a5 35. Nb3 Qb5 36. Nbc5 Nb4 37. Nxb4 axb4 38. Qa2 h5 39. Qa7 b3 40. Qe7 Qb6 41. Na4 Qc6 42. Qa7 Qc2 0-1

[Event "ROU-chT Men Superliga 2018"]
[Site "Sovata"]
[Date "2018.11.24"]
[Round "1.18"]
[White "Scripcaru, George-Daniel"]
[Black "Nanu, Costica-Ciprian"]
[Result "0-1"]
[ECO "A05"]
[WhiteElo "2176"]
[BlackElo "2505"]
[Annotator "ChessBase"]
[PlyCount "100"]
[EventDate "2018.11.24"]
[EventType "team-tourn"]
[EventCountry "ROU"]
[SourceTitle "playchess.com"]
[Source "ChessBase"]
[SourceQuality "1"]
[TimeControl "40/5400+30:1800+30"]

1. Nf3 Nf6 2. g3 d5 3. Bg2 c6 4. c4 g6 5. b3 Bg7 6. Bb2 O-O 7. O-O a5 8. d3 a4 9. cxd5 Nxd5 10. Bxg7 Kxg7 11. Na3 Na6 12. Qc1 axb3 13. axb3 f6 14. Nc4 Be6 15. Qb2 Ndb4 16. Ng5 Bg8 17. Ne4 Nd5 18. h4 Ndc7 19. Rfd1 Nb5 20. d4 Nb4 21. Rxa8 Qxa8 22. Ra1 Qd8 23. e3 Nd5 24. Nc5 b6 25. Nd3 Qb8 26. Rc1 Rd8 27. Na3 Na7 28. e4 Nc7 29. Nb4 c5 30. Nbc2 cxd4 31. Nxd4 Ne6 32. Nxe6+ Bxe6 33. Nc4 Nc6 34. Qa3 Rd7 35. Kh2 Bxc4 36. Rxc4 Ne5 37. Rc1 Ra7 38. Rc8 Ng4+ 39. Kg1 Rxa3 40. Rxb8 Rxb3 41. Bh3 h5 42. Bxg4 hxg4 43. Kf1 Rb2 44. Rc8 Kf7 45. e5 f5 46. Rc6 b5 47. Rb6 b4 48. Kg2 Rb1 49. Kh2 b3 50. Kg2 e6 0-1

[Event "ROU-chT Men Superliga 2018"]
[Site "Sovata"]
[Date "2018.11.24"]
[Round "1.22"]
[White "Grigore, George-Gabriel"]
[Black "Luncasu, Raul-Ionut"]
[Result "1-0"]
[ECO "D16"]
[WhiteElo "2488"]
[BlackElo "2187"]
[Annotator "ChessBase"]
[PlyCount "78"]
[EventDate "2018.11.24"]
[EventType "team-tourn"]
[EventCountry "ROU"]
[SourceTitle "playchess.com"]
[Source "ChessBase"]
[SourceQuality "1"]
[TimeControl "40/5400+30:1800+30"]

1. d4 d5 2. c4 c6 3. Nf3 Nf6 4. Nc3 dxc4 5. a4 Na6 6. e4 Bg4 7. Bxc4 Bxf3 8. gxf3 e6 9. O-O Be7 10. Kh1 O-O 11. Rg1 Kh8 12. f4 g6 13. Be3 Nc7 14. Qf3 Nce8 15. Rgd1 Ng7 16. d5 cxd5 17. exd5 Qc7 18. b3 exd5 19. Nxd5 Nxd5 20. Bxd5 Nf5 21. Rac1 Qa5 22. Bxb7 Rad8 23. Bd5 Nxe3 24. fxe3 Kg7 25. e4 Rc8 26. Bc4 Rcd8 27. Rd5 Rxd5 28. Bxd5 Qd8 29. Qc3+ Kg8 30. Qc7 Bd6 31. Bxf7+ Kg7 32. Qxd8 Rxd8 33. e5 Bxe5 34. fxe5 Kxf7 35. Rc7+ Ke6 36. Rxa7 Rb8 37. a5 Rxb3 38. a6 Ra3 39. Ra8 Kd5 1-0

[Event "ROU-chT Men Superliga 2018"]
[Site "Sovata"]
[Date "2018.11.24"]
[Round "1.23"]
[White "Popescu, Daniel-Vasilica"]
[Black "Szabo, Attila"]
[Result "1/2-1/2"]
[ECO "C50"]
[WhiteElo "2131"]
[BlackElo "2263"]
[Annotator "NA"]
[PlyCount "84"]
[EventDate "2018.11.24"]
[EventType "team-tourn"]
[EventCountry "ROU"]
[SourceTitle "playchess.com"]
[Source "ChessBase"]
[SourceQuality "1"]
[TimeControl "40/5400+30:1800+30"]

1. e4 e5 2. Nf3 Nc6 3. Bc4 Be7 4. c3 Nf6 5. d3 O-O 6. O-O d6 7. Re1 a6 8. a4 h6 9. Nbd2 Rb8 10. b4 Nh7 11. Nf1 Ng5 12. Ne3 Nxf3+ 13. Qxf3 Bg5 14. g4 Ne7 15. Nf5 Ng6 16. Qg3 Be6 17. Bxg5 hxg5 18. Ba2 Nf4 19. Qe3 Qf6 20. f3 Bxf5 21. gxf5 g6 22. fxg6 Qxg6 23. Kf2 Qh5 24. Kg1 Kg7 25. Bb3 Rh8 26. Ra2 Rh6 27. d4 Rbh8 28. dxe5 dxe5 29. Rd2 g4 30. fxg4 Qxg4+ 31. Qg3 Qxg3+ 32. hxg3 Rh1+ 33. Kf2 R8h2+ 34. Kf3 Rxd2 35. Rxh1 Rd3+ 36. Kg4 Ne2 37. Bc4 Re3 38. Bxe2 Rxe2 39. Kf5 Rc2 40. g4 Rxc3 41. Kxe5 Rc4 42. Rb1 b5 1/2-1/2

[Event "ROU-chT Men Superliga 2018"]
[Site "Sovata"]
[Date "2018.11.24"]
[Round "1.30"]
[White "Toma, Radu-Cristian"]
[Black "Vasiesiu, Victor"]
[Result "1-0"]
[ECO "A04"]
[WhiteElo "2354"]
[BlackElo "2270"]
[Annotator "NA"]
[PlyCount "87"]
[EventDate "2018.11.24"]
[EventType "team-tourn"]
[EventCountry "ROU"]
[SourceTitle "playchess.com"]
[Source "ChessBase"]
[SourceQuality "1"]
[TimeControl "40/5400+30:1800+30"]

1. Nf3 f5 2. c4 Nf6 3. Nc3 g6 4. d4 Bg7 5. Bf4 O-O 6. e3 d6 7. c5 Qe8 8. Bc4+ Kh8 9. h4 Na6 10. Qe2 Nh5 11. Bh2 e5 12. cxd6 cxd6 13. Bb5 Qe7 14. O-O Nc7 15. Ba4 f4 16. dxe5 dxe5 17. exf4 Bg4 18. Rfe1 Nxf4 19. Bxf4 Rxf4 20. Qe3 Rxf3 21. gxf3 Bh5 22. f4 Rf8 23. Bd1 Qxh4 24. fxe5 Rf5 25. Bxh5 Rxh5 26. Kf1 Ne6 27. Qf3 Nf4 28. Ne2 Nxe2 29. Kxe2 Qc4+ 30. Kd1 Rh4 31. Re2 Rf4 32. Qb3 Qc6 33. Qh3 g5 34. Rd2 Bxe5 35. Rc1 Qf3+ 36. Qxf3 Rxf3 37. Rd7 Rf8 38. Rxb7 Bd4 39. f3 Bb6 40. Rc6 Kg8 41. Ke2 Rf7 42. Rxf7 Kxf7 43. Kd3 h5 44. Ke4 1-0

[Event "ROU-chT Men Superliga 2018"]
[Site "Sovata"]
[Date "2018.11.25"]
[Round "2"]
[White "Iordachescu, Viorel"]
[Black "Pop, Alexandru"]
[Result "1-0"]
[ECO "C05"]
[WhiteElo "2597"]
[BlackElo "2274"]
[Annotator "ChessBase"]
[PlyCount "63"]
[EventDate "2018.11.24"]
[EventType "team-tourn"]
[EventCountry "ROU"]
[SourceTitle "playchess.com"]
[Source "ChessBase"]
[SourceQuality "1"]
[TimeControl "40/5400+30:1800+30"]

1. e4 e6 2. d4 d5 3. Nd2 Nf6 4. e5 Nfd7 5. Bd3 c5 6. c3 b6 7. Nh3 Ba6 8. Bxa6 Nxa6 9. O-O Be7 10. Qg4 g6 11. Nf3 h6 12. Bd2 Qc7 13. Nf4 Nf8 14. c4 dxc4 15. d5 exd5 16. Nxd5 Qd7 17. Qxc4 Nc7 18. Nxe7 Qxe7 19. b4 Nfe6 20. bxc5 Qxc5 21. Qa4+ Qb5 22. Qh4 Rd8 23. Rac1 Nd5 24. Rfd1 Qa6 25. Ng5 Nc5 26. Ne4 Nxe4 27. Qxe4 Qb7 28. Bb4 Qa8 29. Bd6 Ne7 30. Qa4+ Kf8 31. Rc7 Re8 32. Qe4 1-0

[Event "ROU-chT Men Superliga 2018"]
[Site "Sovata"]
[Date "2018.11.25"]
[Round "2"]
[White "Murariu, Andrei"]
[Black "Berescu, Alin-Mile"]
[Result "1/2-1/2"]
[ECO "B27"]
[WhiteElo "2511"]
[BlackElo "2450"]
[Annotator "ChessBase"]
[PlyCount "24"]
[EventDate "2018.11.24"]
[EventType "team-tourn"]
[EventCountry "ROU"]
[SourceTitle "playchess.com"]
[Source "ChessBase"]
[SourceQuality "1"]
[TimeControl "40/5400+30:1800+30"]

1. e4 c5 2. Nf3 g6 3. d4 cxd4 4. Qxd4 Nf6 5. e5 Nc6 6. Qa4 Nd5 7. Qe4 Nb6 8. Bb5 Bg7 9. Nc3 d5 10. exd6 Qxd6 11. Bf4 Qe6 12. Be5 f6 1/2-1/2

[Event "ROU-chT Men Superliga 2018"]
[Site "Sovata"]
[Date "2018.11.25"]
[Round "2"]
[White "Ardelean, George-Catalin"]
[Black "Grigore, George-Gabriel"]
[Result "1/2-1/2"]
[ECO "A48"]
[WhiteElo "2494"]
[BlackElo "2488"]
[Annotator "ChessBase"]
[PlyCount "41"]
[EventDate "2018.11.24"]
[EventType "team-tourn"]
[EventCountry "ROU"]
[SourceTitle "playchess.com"]
[Source "ChessBase"]
[SourceQuality "1"]
[TimeControl "40/5400+30:1800+30"]

1. d4 Nf6 2. Nf3 g6 3. Bg5 Bg7 4. Nbd2 d6 5. e4 O-O 6. c3 c5 7. dxc5 dxc5 8. Be2 Nc6 9. O-O Qc7 10. h3 Nh5 11. Be3 b6 12. Re1 Bb7 13. a4 Rab8 14. Qc2 Na5 15. Nc4 Nxc4 16. Bxc4 Bc6 17. Bb5 Nf6 18. Bg5 h6 19. Bxf6 exf6 20. Qe2 Bb7 21. a5 1/2-1/2

[Event "ROU-chT Men Superliga 2018"]
[Site "Sovata"]
[Date "2018.11.25"]
[Round "2"]
[White "Morozov, Nichita"]
[Black "Vavric, Pavel"]
[Result "1/2-1/2"]
[ECO "E73"]
[WhiteElo "2439"]
[BlackElo "2351"]
[Annotator "NA RC"]
[PlyCount "56"]
[EventDate "2018.11.24"]
[EventType "team-tourn"]
[EventCountry "ROU"]
[SourceTitle "playchess.com"]
[Source "ChessBase"]
[SourceQuality "1"]
[TimeControl "40/5400+30:1800+30"]

1. d4 Nf6 2. c4 g6 3. Nc3 Bg7 4. e4 d6 5. Be2 O-O 6. Be3 e5 7. d5 Na6 8. Bf3 c6 9. h3 Bd7 10. a3 Nc7 11. Nge2 b5 12. dxc6 Bxc6 13. cxb5 Nxb5 14. O-O Qe7 15. Qc2 Rac8 16. Rfd1 Rfd8 17. Rac1 Qb7 18. Qb1 Nc7 19. b4 a6 20. Rd2 h6 21. Rcd1 Bf8 22. Bc5 Nce8 23. Be3 Nc7 24. Bc5 Nce8 25. Be3 Nc7 26. Bc5 Nce8 27. Be3 Kg7 28. a4 Rb8 1/2-1/2

[Event "ROU-chT Men Superliga 2018"]
[Site "Sovata"]
[Date "2018.11.25"]
[Round "2"]
[White "Toma, Radu-Cristian"]
[Black "Baratosi, Daniel"]
[Result "1-0"]
[ECO "A04"]
[WhiteElo "2354"]
[BlackElo "2373"]
[Annotator "NA"]
[PlyCount "69"]
[EventDate "2018.11.24"]
[EventType "team-tourn"]
[EventCountry "ROU"]
[SourceTitle "playchess.com"]
[Source "ChessBase"]
[SourceQuality "1"]
[TimeControl "40/5400+30:1800+30"]

1. Nf3 g6 2. g3 Bg7 3. Bg2 d6 4. d4 f5 5. O-O Nf6 6. c4 O-O 7. Nc3 e6 8. b4 e5 9. dxe5 dxe5 10. e4 Nc6 11. Qb3 fxe4 12. c5+ Kh8 13. Ng5 Nd4 14. Qc4 b5 15. cxb6 axb6 16. Rd1 Bg4 17. Be3 Bxd1 18. Rxd1 Ra3 19. Bxd4 exd4 20. Rxd4 Qe7 21. Nb5 Rd3 22. Ne6 c5 23. bxc5 bxc5 24. Nxc5 Rxd4 25. Nxd4 e3 26. Nce6 exf2+ 27. Kxf2 Ng4+ 28. Kg1 Qa3 29. Nb3 Ne5 30. Qc7 Rg8 31. Nxg7 Qb2 32. Ne6 Nd3 33. Qf7 Rc8 34. Bf1 Ne1 35. Nbd4 1-0

[Event "ROU-chT Men Superliga 2018"]
[Site "Sovata"]
[Date "2018.11.25"]
[Round "2"]
[White "Itkis, Boris"]
[Black "Patrascu, Catalin-Lucian"]
[Result "1/2-1/2"]
[ECO "E15"]
[WhiteElo "2325"]
[BlackElo "2268"]
[Annotator "NA"]
[PlyCount "50"]
[EventDate "2018.11.24"]
[EventType "team-tourn"]
[EventCountry "ROU"]
[SourceTitle "playchess.com"]
[Source "ChessBase"]
[SourceQuality "1"]
[TimeControl "40/5400+30:1800+30"]

1. Nf3 e6 2. c4 Nf6 3. d4 b6 4. g3 Ba6 5. Bg2 Bxc4 6. Nc3 c6 7. O-O Be7 8. Ne5 Ba6 9. Qa4 O-O 10. Rd1 Bb7 11. e4 d5 12. Bf4 Nfd7 13. Nd3 a5 14. Rac1 Na6 15. a3 Nb4 16. Qb3 Nxd3 17. Rxd3 Rc8 18. Rdd1 Ba6 19. exd5 cxd5 20. Nb5 Nf6 21. Bc7 Qd7 22. Bf1 Bd8 23. Bf4 Be7 24. Bc7 Bd8 25. Bf4 Be7 1/2-1/2

[Event "ROU-chT Men Superliga 2018"]
[Site "Sovata"]
[Date "2018.11.25"]
[Round "2"]
[White "Ileana, George"]
[Black "Andronescu, Madalin"]
[Result "1-0"]
[ECO "B76"]
[WhiteElo "2318"]
[BlackElo "2070"]
[Annotator "NA"]
[PlyCount "81"]
[EventDate "2018.11.24"]
[EventType "team-tourn"]
[EventCountry "ROU"]
[SourceTitle "playchess.com"]
[Source "ChessBase"]
[SourceQuality "1"]
[TimeControl "40/5400+30:1800+30"]

1. e4 c5 2. Nf3 d6 3. d4 cxd4 4. Nxd4 Nf6 5. Nc3 g6 6. Be3 Bg7 7. f3 O-O 8. Qd2 Nc6 9. O-O-O d5 10. exd5 Nxd5 11. Nxc6 bxc6 12. Bd4 Bxd4 13. Qxd4 Qb6 14. Na4 Qc7 15. b3 Rb8 16. Bc4 Nb6 17. Nb2 c5 18. Qc3 Qf4+ 19. Qd2 Qxd2+ 20. Kxd2 Bb7 21. Rhe1 e6 22. Re5 Rfd8+ 23. Kc3 Rxd1 24. Nxd1 Rd8 25. Nb2 Nd7 26. Re1 Kf8 27. Rd1 Ke7 28. Bb5 Ne5 29. Rxd8 Kxd8 30. Nc4 Nd7 31. Nd6 Bd5 32. Bxd7 Kxd7 33. Nxf7 Ke7 34. Ng5 Kf6 35. Ne4+ Ke5 36. Nxc5 Kf4 37. Kd4 Kf5 38. c4 Bc6 39. Nd3 g5 40. Ne5 Bb7 41. c5 {[%emt 0:00:11] Ke4+ Kxe4} 1-0

[Event "ROU-chT Men Superliga 2018"]
[Site "Sovata"]
[Date "2018.11.25"]
[Round "2"]
[White "Vasiesiu, Victor"]
[Black "Banzea, Alexandru-Bogdan"]
[Result "0-1"]
[ECO "B90"]
[WhiteElo "2270"]
[BlackElo "2313"]
[Annotator "NA"]
[PlyCount "106"]
[EventDate "2018.11.24"]
[EventType "team-tourn"]
[EventCountry "ROU"]
[SourceTitle "playchess.com"]
[Source "ChessBase"]
[SourceQuality "1"]
[TimeControl "40/5400+30:1800+30"]

1. e4 c5 2. Nf3 d6 3. d4 cxd4 4. Nxd4 Nf6 5. Nc3 a6 6. f3 e5 7. Nb3 Be6 8. Be3 Be7 9. Qd2 h5 10. Nd5 Nxd5 11. exd5 Bf5 {[%emt 0:00:05] B90: Sicilian Najdorf: Unusual White 6th moves, 6 Be3 Ng4 and 6 Be3 e5} 12. Bd3 (12. Be2 Nd7 13. O-O Bg6 14. a4 a5 15. Bd3 Bxd3 16. Qxd3 O-O 17. Nd2 f5 18. Qb5 Qc7 19. c3 {0-1 (45) Vidit,S (2718)-Andriasian,Z (2591) chess.com INT 2018}) 12... Bxd3 13. Qxd3 Bg5 14. O-O Bxe3+ 15. Qxe3 Nd7 16. c4 O-O 17. Rac1 $146 ({Predecessor:} 17. Nd2 Rc8 18. Rac1 a5 19. Ne4 {0-1 (41) Matta,V (2199)-Ravichandran,S (2395) Kolkata 2013}) 17... Rc8 18. f4 exf4 19. Rxf4 Ne5 20. Qe2 Qg5 21. Rcf1 g6 22. Nd2 Qd8 23. Nf3 Qb6+ 24. Kh1 Rce8 25. Ng5 Qd8 26. h4 Ng4 27. Re4 Rxe4 28. Qxe4 Qd7 29. Qf4 Qe7 30. b4 Qe3 31. Ne4 Qxf4 32. Rxf4 Rd8 33. Kg1 Kg7 34. Nd2 Kf8 35. Re4 Re8 36. c5 dxc5 37. bxc5 Rxe4 38. Nxe4 Ke7 39. Nd6 Ne3 40. Nxb7 Nxd5 41. Kf2 Kd7 42. Na5 Nc3 43. c6+ Kc7 44. a3 Nb5 45. Ke3 Nxa3 46. Ke4 Nb5 47. Ke5 Kb6 48. Nb7 Kxc6 49. Nd8+ Kc5 50. Nxf7 a5 51. Kf4 a4 52. Ne5 Kd4 53. Nc6+ $19 Kc3 0-1

[Event "ROU-chT Men Superliga 2018"]
[Site "Sovata"]
[Date "2018.11.25"]
[Round "2"]
[White "Szabo, Attila"]
[Black "Vasiesiu, Dan"]
[Result "1/2-1/2"]
[ECO "E63"]
[WhiteElo "2263"]
[BlackElo "2394"]
[Annotator "NA"]
[PlyCount "54"]
[EventDate "2018.11.24"]
[EventType "team-tourn"]
[EventCountry "ROU"]
[SourceTitle "playchess.com"]
[Source "ChessBase"]
[SourceQuality "1"]
[TimeControl "40/5400+30:1800+30"]

1. d4 Nf6 2. g3 g6 3. Nf3 Bg7 4. Bg2 O-O 5. O-O d6 6. c4 Nc6 7. Nc3 a6 8. e4 Bg4 9. Be3 Nd7 10. h3 Bxf3 11. Bxf3 e5 12. d5 Nd4 13. Bg2 c5 14. dxc6 bxc6 15. b4 Qe7 16. Qd3 Rfb8 17. Rab1 Qe6 18. Rfc1 h5 19. a3 h4 20. g4 Qf6 21. Ne2 Nf8 22. Nxd4 exd4 23. g5 Qe7 24. Bxd4 Bxd4 25. Qxd4 Qxg5 26. Qxd6 Ne6 27. Qd1 Rd8 1/2-1/2

[Event "ROU-chT Men Superliga 2018"]
[Site "Sovata"]
[Date "2018.11.25"]
[Round "2"]
[White "Popescu, Daniel-Vasilica"]
[Black "Pavlov, Mircea-Sergiu-Aurel"]
[Result "0-1"]
[ECO "B24"]
[WhiteElo "2131"]
[BlackElo "2330"]
[Annotator "ChessBase"]
[PlyCount "122"]
[EventDate "2018.11.24"]
[EventType "team-tourn"]
[EventCountry "ROU"]
[SourceTitle "playchess.com"]
[Source "ChessBase"]
[SourceQuality "1"]
[TimeControl "40/5400+30:1800+30"]

1. e4 c5 2. Nc3 Nc6 3. Nf3 g6 4. Bb5 Bg7 5. d3 Nd4 6. Bc4 d6 7. Be3 e6 8. Rb1 Ne7 9. Ne2 Nec6 10. Nf4 O-O 11. h4 b5 12. Bb3 e5 13. Nd5 Bg4 14. c3 Nxb3 15. Qxb3 Rb8 16. Bg5 Qd7 17. Nh2 Be6 18. h5 f6 19. Be3 Ne7 20. hxg6 hxg6 21. Nxe7+ Qxe7 22. Qd1 Qd7 23. Nf3 Kf7 24. Ke2 Rh8 25. Qd2 Bg4 26. Rbg1 Rh5 27. Rxh5 Bxh5 28. Kf1 b4 29. Ne1 bxc3 30. Qxc3 Bg4 31. Rh1 Qa4 32. a3 Qb3 33. Qxb3+ Rxb3 34. Bc1 Be6 35. Ke2 d5 36. f3 d4 37. Kd2 c4 38. Kc2 c3 39. g3 f5 40. bxc3 Rxc3+ 41. Kd2 a5 42. Bb2 Rc8 43. f4 Bb3 44. Ke2 a4 45. Rh2 Rc5 46. Rh4 fxe4 47. fxe5 exd3+ 48. Kxd3 Bxe5 49. Bxd4 Rd5 50. Nf3 Bxg3 51. Rg4 Bd6 52. Ng5+ Ke7 53. Ne4 Bxa3 54. Rxg6 Bb2 55. Nc3 Rh5 56. Rg7+ Ke6 57. Rg6+ Kf7 58. Rg7+ Ke6 59. Ne2 Rh3+ 60. Be3 Bxg7 61. Nf4+ Ke5 {Kd4+} 0-1

[Event "ROU-chT Men Superliga 2018"]
[Site "Sovata"]
[Date "2018.11.25"]
[Round "2"]
[White "Dobre, Mihai"]
[Black "Scripcaru, George-Daniel"]
[Result "1/2-1/2"]
[ECO "B01"]
[WhiteElo "2104"]
[BlackElo "2176"]
[Annotator "NA"]
[PlyCount "141"]
[EventDate "2018.11.24"]
[EventType "team-tourn"]
[EventCountry "ROU"]
[SourceTitle "playchess.com"]
[Source "ChessBase"]
[SourceQuality "1"]
[TimeControl "40/5400+30:1800+30"]

1. e4 d5 2. exd5 Qxd5 3. Nc3 Qd8 4. d4 Nf6 5. Nf3 Bg4 6. h3 Bxf3 7. Qxf3 c6 8. Qd3 e6 9. g3 Bd6 10. Bg2 Nbd7 11. O-O O-O 12. Rd1 Qa5 13. a3 Rad8 14. Bd2 Qc7 15. Ne2 e5 16. c4 exd4 17. Nxd4 Nc5 18. Qf5 Rfe8 19. Bb4 Nce4 20. Qa5 b6 21. Bxd6 Rxd6 22. Qa4 Qd7 23. Nf3 Rd8 24. Re1 Qf5 25. Re2 b5 26. Qc2 Qc5 27. Rxe4 Nxe4 28. Qxe4 Qxc4 29. Qxc4 bxc4 30. Ne5 Rd1+ 31. Rxd1 Rxd1+ 32. Bf1 c3 33. bxc3 c5 34. Nd3 Ra1 35. Nxc5 Rxa3 36. c4 a5 37. Nd7 a4 38. Nb6 Ra1 39. Nxa4 Rxa4 40. Kg2 Ra3 41. Be2 Rc3 42. f3 h5 43. h4 g6 44. Kf2 Kg7 45. Ke1 Kf6 46. Kd2 Ra3 47. Bd3 Ke5 48. Be4 Kd4 49. Bd5 Ra2+ 50. Ke1 Ke3 51. Kf1 f6 52. f4 Rc2 53. Kg1 Ra2 54. Kf1 Ra7 55. Kg2 Rg7 56. Be6 f5 57. Bd5 Rc7 58. Kf1 Ra7 59. Kg2 Ra2+ 60. Kf1 Rc2 61. Kg1 Ra2 62. Kf1 Ra7 63. Kg2 Rc7 64. Kf1 Kd3 65. Kf2 Re7 66. Kf1 Rc7 67. Kf2 Rxc4 68. Bxc4+ Kxc4 69. Ke2 Kd4 70. Kd2 Ke4 71. Ke2 {[%emt 0:00:03] Ke5} 1/2-1/2

[Event "ROU-chT Men Superliga 2018"]
[Site "Sovata"]
[Date "2018.11.26"]
[Round "3"]
[White "Dicu, Razvan-Stefan"]
[Black "Andronescu, Madalin"]
[Result "1-0"]
[ECO "A45"]
[WhiteElo "2274"]
[BlackElo "2070"]
[Annotator "ChessBase"]
[PlyCount "173"]
[EventDate "2018.11.24"]
[EventType "team-tourn"]
[EventCountry "ROU"]
[SourceTitle "playchess.com"]
[Source "ChessBase"]
[SourceQuality "1"]
[TimeControl "40/5400+30:1800+30"]

1. d4 Nf6 2. Nc3 d5 3. Bf4 e6 4. e3 Be7 5. Bd3 c5 6. Nb5 Na6 7. dxc5 Bxc5 8. Nf3 O-O 9. c3 Be7 10. O-O Bd7 11. Ne5 Be8 12. a4 Ne4 13. Bxe4 dxe4 14. Qxd8 Rxd8 15. Nc4 Nc5 16. Bc7 Rd7 17. Bd6 a6 18. Bxc5 axb5 19. Bxe7 Rxe7 20. Nd6 bxa4 21. Nxe8 Rfxe8 22. Rxa4 f5 23. Rd1 Rc7 24. h4 Kf7 25. Rd6 Kg6 26. g4 fxg4 27. Rxe4 Kh5 28. Rdd4 e5 29. Rb4 Kxh4 30. Rxg4+ Kh5 31. Rh4+ Kg6 32. Rbg4+ Kf5 33. e4+ Kf6 34. Rxh7 Rd8 35. Rh5 g6 36. Rh6 Rg7 37. Rh3 Rd2 38. b4 Rc7 39. Rhg3 Rg7 40. Rf3+ Ke6 41. Rfg3 Kf6 42. Kf1 Rg8 43. Rf3+ Ke6 44. Rh4 Rd7 45. Rh6 Rc7 46. Rg3 Kf6 47. Ke2 Rc4 48. Kd3 b5 49. Rg4 Rc7 50. Kc2 Ra7 51. Kb3 Rd7 52. Rg3 Rd2 53. Rh7 Rxf2 54. Rb7 Rf4 55. Rb6+ Kf7 56. Re3 g5 57. Rxb5 Ke6 58. Rb6+ Kf7 59. Rh3 Rh4 60. Rxh4 gxh4 61. Rh6 Rg4 62. b5 Kg7 63. Rh5 Kg6 64. Rh8 Kg7 65. Rd8 h3 66. Rd1 h2 67. Rh1 Rh4 68. c4 Kf6 69. b6 Rh7 70. c5 Ke6 71. Kc4 Kd7 72. Kd5 Rh6 73. Kxe5 Kc6 74. Kf4 Rh4+ 75. Kf5 Rh5+ 76. Kf6 Rh3 77. e5 Kb7 78. e6 Rf3+ 79. Kg7 Rg3+ 80. Kf7 Rf3+ 81. Ke8 Re3 82. e7 Rh3 83. Kd7 Rd3+ 84. Ke6 Re3+ 85. Kd5 Rxe7 86. Rxh2 Rg7 87. Ke4 1-0

[Event "ROU-chT Men Superliga 2018"]
[Site "Sovata"]
[Date "2018.11.26"]
[Round "3"]
[White "Pop, Alexandru"]
[Black "Luncasu, Raul-Ionut"]
[Result "1-0"]
[ECO "A61"]
[WhiteElo "2274"]
[BlackElo "2187"]
[Annotator "NA"]
[PlyCount "65"]
[EventDate "2018.11.24"]
[EventType "team-tourn"]
[EventCountry "ROU"]
[SourceTitle "playchess.com"]
[Source "ChessBase"]
[SourceQuality "1"]
[TimeControl "40/5400+30:1800+30"]

1. d4 Nf6 2. Nf3 c5 3. d5 e6 4. c4 exd5 5. cxd5 d6 6. Nc3 g6 7. e3 {[%emt 0:00:26] A61: Modern Benoni: Nf3 without early e4} Bg7 8. Be2 O-O 9. O-O Na6 (9... Bg4 10. h3 Bxf3 11. Bxf3 Nbd7 12. Qc2 a6 13. a4 c4 14. Be2 Rc8 15. a5 Rc5 16. Qa4 Re8 17. Rd1 Ne4 18. Nxe4 Rxe4 {0-1 (28) Inarkiev,E (2690)-Dubov,D (2691) Satka 2018}) 10. Nd2 Nc7 11. e4 Re8 12. Re1 a6 13. a4 Rb8 14. a5 $1 b5 $146 15. axb6 $1 Rxb6 16. Nc4 Rb4 17. f3 Bf8 18. Bg5 h6 19. Bh4 g5 20. Bf2 Bd7 21. Ra2 Nh5 22. g3 Ng7 $18 (22... Nf6 $16 {keeps fighting.}) 23. Bf1 f5 24. e5 dxe5 25. d6 Nce6 26. Nd5 Rb8 27. Nxe5 Nh5 28. Nc7 Rb6 29. Nxe8 Qxe8 30. Rxa6 Rxa6 31. Bxa6 Nhg7 32. Bc4 Kh7 33. Qd5 1-0